 Dungeon Crawl Stone Soup version 0.27.1-35-g4d5d836560 (webtiles) character file.

Game seed: 6610871171519630083

197 cbfl8 the Sneak (level 5, -8/47 HPs)
             Began as a Minotaur Delver on Mar 14, 2022.
             Killed by divine providence
             ... invoked by an orc priest
              (16 damage)
             ... on level 4 of the Dungeon.
             The game lasted 00:04:54 (3334 turns).

cbfl8 the Sneak (Minotaur Delver)                   Turns: 3334, Time: 00:04:55

Health: -8/47      AC:  9    Str: 17    XL:     5   Next: 46%
Magic:  4/4        EV:  7    Int:  7    God:
Gold:   136        SH:  0    Dex: 12    Spells: 4/4 levels left

rFire    + . .     SeeInvis .   i - +0 flail
rCold    . . .     Faith    .   (no shield)
rNeg     . . .     Spirit   .   r - +0 chain mail
rPois    .         Reflect  .   (helmet restricted)
rElec    .         Harm     .   (no cloak)
rCorr    .         Rampage  .   q - +0 pair of gloves
Will     .....                  (no boots)
Stlth    ..........             (no amulet)
HPRegen  0.15/turn              o - ring of protection from fire
MPRegen  0.09/turn              (no ring)

@: no status effects
A: horns 2, retaliatory headbutt
a: no special abilities


You were on level 4 of the Dungeon.
You visited 1 branch of the dungeon, and saw 6 of its levels.

You collected 136 gold pieces.

Inventory:

Hand Weapons
 a - a +0 hand axe
 i - a +0 flail (weapon)
Armour
 b - a +0 leather armour
 p - a +0 ring mail
 q - a +0 pair of gloves (worn)
 r - a +0 chain mail (worn)
Jewellery
 o - a ring of protection from fire (left hand)
Wands
 g - a wand of digging (3)
Scrolls
 c - a scroll of fog
 d - 6 scrolls of identify {unknown}
 e - a scroll of fear
 h - 6 scrolls of teleportation {unknown}
 l - a scroll of holy word {unknown}
 s - a scroll of noise {unknown}
 u - a scroll of blinking {unknown}
 v - a scroll of acquirement {unknown}
 w - a scroll of immolation {unknown}
 x - a scroll of amnesia {unknown}
Potions
 f - a potion of haste
 j - 2 potions of curing
 k - a potion of resistance {unknown}
 m - a potion of cancellation
 n - a potion of flight
 t - a potion of attraction {unknown}


   Skills:
 + Level 4.4 Fighting
 + Level 2.6(3.0) Axes
 + Level 2.0(2.6) Maces & Flails
 + Level 2.1 Armour
 + Level 2.8 Dodging
 + Level 5.3 Stealth


You had 4 spell levels left.
You didn't know any spells.
Your spell library contained the following spells:

 Spells                   Type           Power      Damage    Failure   Level
 Ignite Poison            Fire/Tmut/Pois 0%         N/A       100%        3
 Mephitic Cloud           Conj/Pois/Air  0%         N/A       100%        3
 Bolt of Magma            Conj/Fire/Erth 0%         4d4       100%        5


Dungeon Overview and Level Annotations

Branches:
Dungeon (6/15)             Temple (0/1) D:5

Altars:

Shops:
D:2 (

Annotations:
D:3 3 runed translucent doors, Dormantt's ghost, amateur DEFE
D:5 Menkaure


Innate Abilities, Weirdness & Mutations

You have a pair of horns on your head.
You reflexively headbutt those who attack you in melee.


Message History

The scorpion stings you but does no damage.
You hit the scorpion but do no damage.
The scorpion is moderately wounded.
The orc priest invokes the aid of Beogh against you.
Beogh smites you! The orc completely misses you. You furiously retaliate!
You headbutt the orc, but do no damage. The orc hits you with a +0 hand axe.
The scorpion closely misses you.
The orc priest looks satisfied for a moment.
You hit the scorpion but do no damage.
The scorpion is moderately wounded.
The orc hits you with a +0 hand axe.
* * * LOW HITPOINT WARNING * * *
The scorpion stings you.
* * * LOW HITPOINT WARNING * * *
The orc priest hits you with a +0 short sword.
* * * LOW HITPOINT WARNING * * *
Something hits you but does no damage. The orc hits you with a +0 hand axe.
* * * LOW HITPOINT WARNING * * *
The scorpion closely misses you.
It was a potion of curing.
You feel better. The scorpion stings you.
* * * LOW HITPOINT WARNING * * *
Something hits you but does no damage. The orc barely misses you.
You furiously retaliate!
You headbutt the orc, but do no damage.
It was a potion of flight.
You feel very buoyant.
You fly up into the air.
The orc priest hits you but does no damage.
The scorpion stings you.
* * * LOW HITPOINT WARNING * * *
The orc hits you with a +0 hand axe.
* * * LOW HITPOINT WARNING * * *
Something hits you but does no damage. The orc hits you with a +0 hand axe.
* * * LOW HITPOINT WARNING * * *
It was a potion of cancellation.
Your magical effects are unravelling.
You feel magically purged.
You float gracefully downwards.
The scorpion stings you but does no damage.
The orc priest invokes the aid of Beogh against you.
Beogh smites you!
You die...

....................
.###########.########.##
.# #.###$....... .#
#...#....[... .#
#######...#........ ##
#....(#...#?.......
######..#......#........
........#..##..#o[......
######.........#@s......
#.....#....oo......
####..#............
#######.###..#####.#.
....(..[####.# # #
###..........##
#...........#
#.........#.#
#.........#..#


You could see a scorpion, an orc priest and 2 orcs.

Vanquished Creatures
  A scorpion (D:5)
  An orc priest (D:3)
  3 adders
  A white imp (D:3)
  3 dart slugs
  6 orcs
  5 endoplasms
  A giant cockroach (D:2)
  4 goblins
  3 hobgoblins
  6 jackals
  5 kobolds
  6 quokkas
  6 ball pythons
  6 bats
  3 frilled lizards
  5 rats
65 creatures vanquished.

Vanquished Creatures (others)
  5 withered plants (D:1)
5 creatures vanquished.

Grand Total: 70 creatures vanquished

Notes
Turn   | Place    | Note
-------+----------+-------------------------------------------
     0 | D:5      | cbfl8 the Minotaur Delver began the quest for the Orb.
     0 | D:5      | Reached XP level 1. HP: 19/19 MP: 0/0
   103 | D:5      | Noticed a scorpion
   119 | D:5      | Killed a scorpion
   120 | D:5      | Reached skill level 5 in Stealth
   120 | D:5      | Reached XP level 2. HP: 17/27 MP: 1/1
   120 | D:5      | Reached XP level 3. HP: 21/33 MP: 2/2
   340 | D:5      | Found a staircase to the Ecumenical Temple.
   351 | D:5      | Noticed Menkaure
   544 | D:2      | Reached XP level 4. HP: 39/40 MP: 3/3
  1392 | D:1      | Reached skill level 1 in Armour
  1758 | D:1      | Found a faded altar of an unknown god.
  2162 | D:2      | Found Lach's Antique Weapon Shoppe.
  2720 | D:3      | Reached XP level 5. HP: 46/46 MP: 4/4
  2836 | D:3      | Reached skill level 1 in Maces & Flails
  2979 | D:3      | Found a runed translucent gate.
  2979 | D:3      | Found a runed translucent gate.
  2981 | D:3      | Found a runed translucent gate.
  2985 | D:3      | Noticed Dormantt's ghost (amateur DEFE)
  3334 | D:4      | Killed from afar by an orc priest

Illustrated notes

Levels and vault maps discovered:
D:1:      psy_arrival_fountain, layout_loops_corners,
          shapermc_ecumenical_altar_flowoftime
D:2:      layout_rooms, serial_shops, shop, st_stairs_3
D:3:      layout_loops_ring, gammafunk_ghost_nasty_kobolds
D:4:      layout_basic
D:5:      layout_loops_ring, minmay_temple_entry_glass, uniq_menkaure
D:6:      layout_basic, minmay_holes

Skill      XL: |  1  2  3  4  5 |
---------------+----------------+-----
Fighting       | 4 |  4.4
Stealth        | 5 |  5.3
Armour         | 1 2 |  2.1
Maces & Flails | 2 |  2.0
Axes           | |  2.6
Dodging        | |  2.8

Action                   |  1- 3 |  4- 6 || total
-------------------------+-------+-------++-------
Melee: Hand axe          |    14 |       ||    14
       Headbutt          |     3 |    21 ||    24
       Flail             |     7 |   134 ||   141
  Use: Scroll            |     1 |       ||     1
       Potion            |       |     3 ||     3
 Stab: Sleeping          |     1 |     4 ||     5
Armor: Leather armour    |     4 |     9 ||    13
       Chain mail        |       |    73 ||    73
       Ring mail         |       |     9 ||     9
Dodge: Dodged            |    17 |    92 ||   109
